 Dungeon Crawl Stone Soup version 0.23-a0-586-gacb4b3f (webtiles) character file.

66516 inc the Bewitcher (level 14, 0/66 HPs)
             Began as a Felid Enchanter on Dec 18, 2018.
             Was a Believer of Uskayaw.
             Slain by a nagaraja
             ... wielding a +0 flail
              (4 damage)
             ... on level 3 of the Snake Pit.
             The game lasted 02:17:29 (51790 turns).

inc the Bewitcher (Felid Enchanter)                Turns: 51790, Time: 02:17:29

Health: 0/66       AC:  5    Str:  4    XL:     14   Next: 79%
Magic:  23/25      EV: 32    Int: 22    God:    Uskayaw [**....]
Gold:   2201       SH:  0    Dex: 18    Spells: 4/21 levels left
                                        Lives:  0   Deaths: 3

rFire    . . .     SeeInvis +     - Unarmed
rCold    + . .     Gourm    .   (shield unavailable)
rNeg     . . .     Faith    +   (armour unavailable)
rPois    +         Spirit   .   (helmet unavailable)
rElec    .         Reflect  .   (cloak unavailable)
rCorr    .         Harm     .   (gloves unavailable)
MR       ++...                  (boots unavailable)
Stlth    +++++++...             z - amulet of faith
HPRegen  0.21/turn              A - +3 ring of evasion
MPRegen  0.19/turn              U - ring of poison resistance

@: confusing touch, about to teleport, constricted, quick
A: very small, no armour, no weapons or thrown items, stealth, claws 1, fangs 3,
iridescent scales 1, see invisible, carnivore, speed 1, shaggy fur 3, slow
metabolism 1, MP-powered wands, sharp paws
a: Stomp, Line Pass, Renounce Religion


You were on level 3 of the Snake Pit.
You worshipped Uskayaw.
Uskayaw was pleased with you.
You were not hungry.

You visited 6 branches of the dungeon, and saw 31 of its levels.
You also visited: Ice Cave.

You collected 2801 gold pieces.
You spent 600 gold pieces at shops.

Inventory:

Jewellery
 u - the amulet "Udeck" {Harm *Drain rF+ MP+9 Int+7}
   (You found it on level 1 of the Swamp)

   [amulet of harm]

   It increases damage dealt and taken.
   It affects your intelligence (+7).
   It protects you from fire.
   It affects your magic capacity (+9).
   It causes draining when unequipped.
 x - a +3 ring of slaying
 z - an amulet of faith (around neck)
 A - a +3 ring of evasion (left paw)
 C - an uncursed ring of poison resistance
 K - an uncursed ring of positive energy
 L - an uncursed ring of protection from fire
 Q - an uncursed ring of ice
 T - the amulet of the Marlin {+Rage Str+9 Int-5 Dex-2 SInv}
   (You found it on level 3 of the Lair of Beasts)

   [amulet of rage]

   It affects your strength (+9).
   It affects your intelligence (-5).
   It affects your dexterity (-2).
   It lets you see invisible.
   It lets you go berserk.
 U - a ring of poison resistance (right paw)
 V - an uncursed ring of protection from cold
Wands
 s - a wand of scattershot (16)
 w - a wand of polymorph (14)
 y - a wand of digging (7)
 D - a wand of random effects (74)
 H - a wand of flame (34)
 M - a wand of disintegration (32)
 P - a wand of iceblast (21)
 R - a wand of acid (9)
 W - a wand of paralysis (13)
 Z - a wand of clouds (4)
Scrolls
 c - 6 scrolls of amnesia
 e - 5 scrolls of fog
 i - a scroll of noise {unknown}
 k - 3 scrolls of teleportation
 m - 6 scrolls of remove curse
 n - 6 scrolls of fear
 v - 3 scrolls of immolation
 E - a scroll of vulnerability
 O - 3 scrolls of magic mapping
 S - 3 scrolls of silence
Potions
 a - 13 potions of curing
 d - 4 potions of lignification
 f - a potion of cancellation
 g - 4 potions of brilliance
 j - 3 potions of berserk rage {unknown}
 l - 7 potions of agility
 o - a potion of invisibility
 p - 4 potions of mutation
 q - 3 potions of flight
 r - a potion of resistance
 F - 3 potions of haste
 G - 4 potions of might
 I - 2 potions of ambrosia
Miscellaneous
 t - a fan of gales
 J - a lightning rod (4/4)
 Y - a phantom mirror
Comestibles
 b - 41 rations


   Skills:
 - Level 10.0 Fighting
 - Level 15.9 Dodging
 - Level 16.2 Stealth
 - Level 9.6 Unarmed Combat
 + Level 4.0 Spellcasting
 - Level 6.2 Conjurations
 - Level 18.3 Hexes
 + Level 2.4 Summonings
 - Level 6.1 Ice Magic
 - Level 14.0 Invocations


You had 4 spell levels left.
You knew the following spells:

 Your Spells              Type           Power        Failure   Level  Hunger
a - Confusing Touch       Hex            ######       0%          1    None
b - Ensorcelled Hibernat  Hex/Ice        ######       1%          2    #......
c - Dazzling Spray        Conj/Hex       ######       1%          3    ##.....
d - Confuse               Hex            ######..     1%          3    ##.....
e - Cause Fear            Hex            ######....   1%          4    ####...
f - Conjure Flame         Conj/Fire      ###.....     10%         3    ##.....
i - Summon Butterflies    Summ           ###.....     4%          1    None

Your spell library contained the following spells:

 Spells                   Type           Power        Failure   Level  Hunger
 Corona                   Hex            ######.      0%          1    None
 Tukima's Dance           Hex            ######..     1%          3    ##.....
 Sting                    Conj/Pois      ###.         3%          1    None
 Throw Flame              Conj/Fire      ###...       4%          2    #......
 Apportation              Tloc           #.....       11%         1    None
 Mephitic Cloud           Conj/Pois/Air  ##......     14%         3    ##.....
 Poisonous Vapours        Pois/Air       #.....       17%         2    #......
 Recall                   Summ/Tloc      N/A          21%         3    ##.....
 Gell's Gravitas          Tloc           #.........   32%         3    ##.....
 Lesser Beckoning         Tloc           #.........   32%         3    ##.....
 Animate Dead             Necr           N/A          73%         4    ####...
 Olgreb's Toxic Radiance  Pois           #.......     73%         4    ####...
 Petrify                  Tmut/Erth      #.......     73%         4    ####...
 Metabolic Englaciation   Hex/Ice        ######....   1%          5    ######.
 Invisibility             Hex            ######..     1%          6    #######
 Silence                  Hex/Air        #####.....   7%          5    ######.
 Yara's Violent Unravell  Hex/Tmut       #####.....   7%          5    ######.
 Discord                  Hex            ######....   36%         8    #######
 Iskenderun's Battlesphe  Conj/Chrm      ###.....     65%         5    ######.
 Venom Bolt               Conj/Pois      ###.......   65%         5    ######.
 Bolt of Magma            Conj/Fire/Erth ##........   78%         5    ######.
 Alistair's Intoxication  Tmut/Pois      #.......     97%         5    ######.
 Borgnjor's Vile Clutch   Necr/Erth      #.........   97%         5    ######.
 Iron Shot                Conj/Erth      ###.......   99%         6    #######
 Simulacrum               Ice/Necr       ###.......   99%         6    #######
 Death Channel            Necr           #.........   100%        6    #######
 Deflect Missiles         Chrm/Air       #.........   100%        6    #######
 Orb of Destruction       Conj           ####......   100%        7    #######
 Ring of Flames           Chrm/Fire      #.........   100%        7    #######
 Spellforged Servitor     Conj/Summ      ###.......   100%        7    #######


Dungeon Overview and Level Annotations

Branches:
Dungeon (15/15)            Temple (1/1) D:7            Lair (6/6) D:11
  Swamp (4/4) Lair:2        Snake (3/4) Lair:3        Slime (0/5) Lair:5
    Orc (2/2) D:12            Elf (0/3) Orc:2        Vaults (0/5) D:14
 Depths (0/5) D:15

Altars:
Ashenzari
Cheibriados
Dithmenos
Elyvilon
Fedhas
Gozag
Hepliaklqana
Kikubaaqudgha
Makhleb
Nemelex Xobeh
Okawaru
Qazlal
Ru
Sif Muna
Trog
Uskayaw
Vehumet
Wu Jian
Xom
Yredelemnul
Zin
The Shining One
Beogh

Shops:
D:8 =   D:12 [   D:13 =   Orc:2 }}((

Annotations:
D:2 Sigmund
D:10 Gastronok
D:13 Rupert
Lair:3 exclusion: 2 oklob plants
Lair:5 exclusion: oklob plant
Swamp:2 1 runed door, Xywau's ghost, adept FoFi
Swamp:3 exclusion: Roxanne, Nikola; Roxanne
Snake:1 1 runed door, Veumoedo's ghost, journeyman DgGl
Snake:2 1 runed door, Utaireq's ghost, journeyman DsFi


Innate Abilities, Weirdness & Mutations

You cannot wear armour.
You are incapable of wielding weapons or throwing items.
Your paws allow you to move quietly. (Stealth)
You have sharp claws.
You have razor-sharp teeth.
You have supernaturally acute eyesight. (SInv)
You are carnivorous and can eat meat at any time.
You cover ground quickly.
Your thick and shaggy fur keeps you warm. (AC +3, rC+)
You have a slow metabolism.
Your sharp claws are effective at attacking unaware monsters.
You are partially covered in iridescent scales. (AC +2)
You expend magic power (3 MP) to strengthen your wands.


Message History

The nagaraja seems less confused.
The nagaraja gestures at you while chanting.
You feel strangely unstable.
Casting: Ensorcelled Hibernation (safe; 1% risk of failure)
Confirm with . or Enter, or press ? or * to list all spells.
Your paws begin to glow red.
You feel sick. The nagaraja completely misses you. The nagaraja grabs you.
The nagaraja constricts you. The nagaraja spits poison at you.
The splash of poison hits you! You resist.
* * * LOW HITPOINT WARNING * * *
The nagaraja constricts you.
Unknown command.
Okay, then.
You escape the nagaraja's grasp.
You feel better. The nagaraja hits you with a +0 flail!
* * * LOW HITPOINT WARNING * * *
The nagaraja grabs you.
* * * LOW HITPOINT WARNING * * *
The nagaraja constricts you. The nagaraja barely misses you.
You die...

****,*###..* ****,,,,,,,,,
***....** *######,,,,,,,,
*#..#*###...#..,,,,,,,,
###..###........,,,,,,,*
##)....#.........,*******
##..........<...#***
##...............##***
#....)<....N†....[.,,******
##...)....@........,,,,,*,*
##.......####.....,,,,,,,,
##.....## ***...,,,,,,,,
##...## ***#*,,,,,,, ##.##
****,,,, ### *****


You could see a nagaraja.

Vanquished Creatures
  A frost giant (IceCv)
  An orc warlord (Orc:2)
  A very ugly thing (Swamp:3)
  Azrael (D:13)
  A dire elephant (Lair:6)
  Fannar (Lair:2)
  Erolcha (Orc:1)
  7 hydras
  2 catoblepae
  5 naga warriors
  2 anacondas
  8 alligators
  5 centaur warriors
  5 two-headed ogres
  A deep troll shaman (Lair:6)
  2 death knights
  5 tengu warriors
  5 death yaks
  2 naga sharpshooters (Snake:1)
  A deep elf knight (D:15)
  3 shock serpents
  5 orc high priests (Orc:2)
  Nergalle (Lair:4)
  2 salamander mystics
  3 unseen horrors
  2 swamp dragons
  3 naga ritualists
  5 orc knights
  A wolf spider zombie (D:15)
  A phantasmal warrior (D:15)
  4 mana vipers
  3 ugly things
  An oklob plant (Lair:2)
  5 orc sorcerers
  A manticore (D:13)
  12 salamanders
  5 cyclopes
  Maurice (D:10)
  3 deep elf magi
  7 guardian serpents
  2 elephants (Lair:6)
  24 black mambas
  7 naga magi
  14 spiny frogs
  An ice statue (IceCv)
  A torpor snail (Lair:4)
  2 kobold demonologists
  6 komodo dragons
  3 rime drakes
  A gargoyle (D:13)
  A freezing wraith (D:15)
  20 polar bears
  8 trolls
  A meliai (shapeshifter) (D:14)
  3 meliai (D:15)
  3 hornets
  3 tyrant leeches (Swamp:1)
  A hornet (shapeshifter) (D:14)
  14 hippogriffs
  13 blink frogs (Lair:4)
  10 slime creatures
  6 bog bodies
  2 shadows
  2 centaur simulacra (D:15)
  A tarantella (shapeshifter) (D:11)
  A water elemental (D:15)
  73 yaks
  2 vampires
  3 wraiths
  3 basilisks
  Eustachio (D:5)
  A wyvern (Lair:4)
  12 vampire mosquitoes
  A fire elemental (D:13)
  8 hungry ghosts
  Menkaure (D:5)
  13 swamp worms
  A redback simulacrum (D:15)
  5 wargs
  An acid dragon (D:14)
  A harpy simulacrum (D:15)
  4 hell hounds
  20 nagas
  Duvessa (D:5)
  17 water moccasins
  A floating eye (shapeshifter) (D:14)
  7 porcupines
  A hornet zombie (D:13)
  4 ice beasts
  4 swamp drakes
  40 orc warriors
  3 black bears
  3 sky beasts
  4 phantoms
  2 necrophages
  23 ogres
  5 centaurs
  31 wolves
  12 crocodiles
  2 big kobolds (D:12)
  27 bullfrogs
  A wyvern zombie (D:10)
  Dowan (D:5)
  2 water moccasin zombies
  5 scorpions
  2 wights
  6 howler monkeys
  5 electric eels
  6 crimson imps
  3 centaur zombies
  A bullfrog zombie (D:6)
  2 jellies
  18 hounds
  3 bullfrog skeletons
  40 orc priests
  29 orc wizards
  Crazy Yiuf (D:3)
  10 centaur skeletons
  5 iguanas
  Terence (D:2)
  12 worker ants
  6 ogre zombies (D:12)
  A hound zombie (D:8)
  2 hound skeletons
  Robin (D:2)
  A howler monkey skeleton (D:9)
  2 howler monkey zombies
  15 adders
  8 gnolls
  A river rat (Lair:1)
  3 shadow imps
  14 white imps
  2 ufetubi
  An ooze (D:1)
  An adder skeleton (D:4)
  2 adder zombies
  5 worms
  A dart slug (D:4)
  6 leopard geckos
  115 orcs
  7 giant cockroaches
  10 goblins
  12 hobgoblins
  4 jackals
  13 kobolds
  4 quokkas
  2 ball python skeletons
  7 bats
  3 frilled lizards
  A goblin zombie (D:12)
  2 hobgoblin zombies (D:12)
  A leopard gecko skeleton (D:4)
  An orc skeleton (D:12)
  15 orc zombies (D:12)
  A quokka simulacrum (D:6)
  A quokka zombie (D:7)
  3 rats
  A plant (Lair:1)
1040 creatures vanquished.

Vanquished Creatures (others)
  A guardian serpent (Snake:1)
  A meliai simulacrum (D:13)
  2 scorpions
  A howler monkey (D:13)
  4 fungi
  7 plants
  2 withered plants (Snake:2)
18 creatures vanquished.

Grand Total: 1058 creatures vanquished

Notes
Turn   | Place    | Note
-------+----------+-------------------------------------------
     0 | D:1      | inc the Felid Enchanter began the quest for the Orb.
     0 | D:1      | Reached XP level 1. HP: 7/7 MP: 4/4
   671 | D:1      | Reached XP level 2. HP: 9/11 MP: 6/6
   707 | D:1      | Learned a level 2 spell: Ensorcelled Hibernation
  1748 | D:1      | Reached XP level 3. HP: 14/14 MP: 7/7
  2131 | D:2      | Noticed Terence
  2131 | D:2      | Noticed Robin
  2208 | D:2      | Killed Terence
  2350 | D:2      | Found a snail-covered altar of Cheibriados.
  2446 | D:2      | Reached XP level 4. HP: 18/18 MP: 0/8
  2546 | D:2      | Found an ornate altar of the Wu Jian Council.
  3230 | D:2      | Noticed Sigmund
  4679 | D:3      | Reached XP level 5. HP: 19/21 MP: 6/9
  4797 | D:3      | Reached skill level 1 in Ice Magic
  5100 | D:3      | Found a runed door.
  5104 | D:3      | Noticed Crazy Yiuf
  5108 | D:3      | Killed Crazy Yiuf
  5415 | D:2      | Killed Robin
  5655 | D:4      | Found a glowing golden altar of the Shining One.
  5936 | D:4      | Gained mutation: You are covered in thick fur. (AC +2)
                  | [Felid growth]
  5936 | D:4      | Reached XP level 6. HP: 24/24 MP: 7/10
  5993 | D:4      | Reached skill level 5 in Hexes
  6111 | D:4      | Reached skill level 6 in Hexes
  6116 | D:4      | Learned a level 3 spell: Confuse
  6120 | D:4      | Learned a level 3 spell: Dazzling Spray
  6244 | D:4      | Reached XP level 7. HP: 27/27 MP: 2/11
  6608 | D:4      | Reached skill level 7 in Hexes
  7086 | D:5      | Entered Level 5 of the Dungeon
  7086 | D:5      | Noticed Duvessa
  7086 | D:5      | Noticed Dowan
  7160 | D:5      | Reached skill level 5 in Ice Magic
  7181 | D:5      | Noticed Eustachio
  7187 | D:5      | Killed Eustachio
  7187 | D:5      | Reached skill level 8 in Hexes
  7282 | D:5      | Killed Duvessa
  7282 | D:5      | Reached XP level 8. HP: 26/31 MP: 7/12
  7341 | D:5      | Killed Dowan
  7364 | D:5      | Reached skill level 9 in Hexes
  7394 | D:5      | Noticed Menkaure
  7399 | D:5      | Killed Menkaure
  7463 | D:5      | Found an iron altar of Okawaru.
  7749 | D:5      | Found a burning altar of Makhleb.
  8247 | D:6      | Reached skill level 1 in Fighting
  8896 | D:6      | Found a white marble altar of Elyvilon.
  8896 | D:6      | Found a basalt altar of Yredelemnul.
  8897 | D:6      | Found a deep blue altar of Sif Muna.
  9408 | D:6      | Reached skill level 5 in Fighting
  9481 | D:6      | Reached XP level 9. HP: 38/40 MP: 13/13
 10009 | D:7      | Reached skill level 5 in Dodging
 10044 | D:7      | Found a staircase to the Ecumenical Temple.
 10058 | Temple   | Entered the Ecumenical Temple
 10156 | Temple   | Became a worshipper of Uskayaw the Reveler
 10236 | D:7      | Reached * piety under Uskayaw
 10282 | D:7      | Reached ** piety under Uskayaw
 11228 | D:7      | Learned a level 1 spell: Confusing Touch
 11272 | D:8      | Noticed a kobold demonologist
 11287 | D:8      | Killed a kobold demonologist
 11287 | D:8      | Reached *** piety under Uskayaw
 11528 | D:8      | Found Damyggum's Jewellery Shoppe.
 11546 | D:8      | Reached skill level 10 in Dodging
 11683 | D:8      | Found an ancient bone altar of Kikubaaqudgha.
 11695 | D:8      | Found a burning altar of Makhleb.
 11750 | D:8      | Reached **** piety under Uskayaw
 11753 | D:8      | Reached ***** piety under Uskayaw
 11857 | D:8      | Noticed a two-headed ogre
 11877 | D:8      | Killed a two-headed ogre
 11877 | D:8      | Reached XP level 10. HP: 18/44 MP: 9/14
 12099 | D:8      | Found a sacrificial altar of Ru.
 12126 | D:8      | You fall through a shaft!
 12247 | D:9      | Found a blossoming altar of Fedhas.
 12334 | D:9      | Reached skill level 5 in Stealth
 12445 | D:9      | Identified the Collected Works on the Blaze and the
                  | Traveller
 12459 | D:9      | Learned a level 3 spell: Conjure Flame
 12490 | D:9      | Reached skill level 1 in Conjurations
 13928 | D:9      | Found an opulent altar of Gozag.
 13973 | D:9      | Noticed a two-headed ogre
 13988 | D:9      | Reached skill level 5 in Conjurations
 14025 | D:9      | Killed a two-headed ogre
 14170 | D:10     | Entered Level 10 of the Dungeon
 14416 | D:10     | Reached skill level 5 in Unarmed Combat
 14441 | D:10     | Reached XP level 11. HP: 30/47 MP: 3/15
 14681 | D:10     | Reached skill level 1 in Invocations
 15403 | D:10     | Noticed Gastronok
 15627 | D:10     | Noticed Maurice
 15637 | D:10     | Killed Maurice
 16034 | D:8      | Bought an uncursed amulet of faith for 600 gold pieces
 16128 | D:9      | Reached skill level 5 in Invocations
 17119 | D:11     | Found a staircase to the Lair.
 17907 | D:11     | Noticed a tengu warrior
 17910 | D:11     | Noticed a tengu warrior
 17917 | D:11     | Killed a tengu warrior
 17923 | D:11     | Killed a tengu warrior
 18155 | D:12     | Noticed a deep elf mage
 18155 | D:12     | Noticed an unseen horror
 18770 | D:12     | Gained mutation: Your thick and shaggy fur keeps you warm.
                  | (AC +3, rC+) [Felid growth]
 18770 | D:12     | Reached XP level 12. HP: 36/51 MP: 12/20
 18789 | D:12     | Found a staircase to the Orcish Mines.
 19071 | D:12     | Noticed a two-headed ogre
 19358 | D:12     | Found Cuuj Umeka's Antique Armour Shoppe.
 20269 | D:12     | You fall through a shaft for 3 floors!
 20269 | D:15     | Entered Level 15 of the Dungeon
 20760 | D:15     | Reached skill level 10 in Invocations
 21108 | D:14     | Noticed a catoblepas
 21398 | D:14     | Noticed a centaur warrior
 21426 | D:14     | Killed a centaur warrior
 21765 | D:14     | Found a gate to the Vaults.
 21781 | D:13     | Upgraded the game from 0.23-a0-584-g44dd78f to
                  | 0.23-a0-586-gacb4b3f
 21802 | D:13     | Noticed Rupert
 21840 | D:13     | Found a frozen archway.
 21952 | IceCv    | Entered an ice cave
 21955 | IceCv    | Reached skill level 10 in Hexes
 22235 | IceCv    | Reached XP level 13. HP: 40/54 MP: 13/22
 22521 | IceCv    | Gained mutation: You have a pair of small antennae on your
                  | head. [potion of mutation]
 22521 | IceCv    | Gained mutation: You are partially covered in molten
                  | scales. (AC +2) [potion of mutation]
 23593 | IceCv    | Noticed a frost giant
 23835 | IceCv    | Killed a frost giant
 23835 | IceCv    | Reached skill level 10 in Stealth
 24811 | Orc:1    | Entered Level 1 of the Orcish Mines
 24820 | Orc:1    | Noticed Erolcha
 25062 | Lair:1   | Entered Level 1 of the Lair of Beasts
 25288 | Lair:1   | Reached ****** piety under Uskayaw
 26170 | Lair:2   | Found a deep blue altar of Sif Muna.
 26285 | Lair:2   | Noticed Fannar
 26294 | Lair:2   | Killed Fannar
 26719 | Lair:2   | Reached skill level 15 in Stealth
 27560 | Lair:2   | Found a staircase to the Swamp.
 27607 | Lair:3   | Got a heavily runed diamond amulet
 27779 | Lair:3   | Found a staircase to the Snake Pit.
 27979 | Lair:3   | Reached XP level 14. HP: 43/58 MP: 7/23
 28360 | Lair:3   | Identified the amulet of the Marlin {+Rage Str+9 Int-5
                  | Dex-2 SInv} (You found it on level 3 of the Lair of Beasts)
 29124 | Lair:4   | Noticed Nergalle
 29133 | Lair:4   | Killed Nergalle
 29139 | Lair:4   | Lost mutation: You have a pair of small antennae on your
                  | head. [potion of mutation]
 29139 | Lair:4   | Lost mutation: You are partially covered in molten scales.
                  | (AC +2) [potion of mutation]
 29139 | Lair:4   | Gained mutation: You are dopey. (Int -2) [potion of
                  | mutation]
 29139 | Lair:4   | Gained mutation: You have a pair of small antennae on your
                  | head. [potion of mutation]
 29140 | Lair:4   | Lost mutation: You are dopey. (Int -2) [potion of mutation]
 29140 | Lair:4   | Gained mutation: Your mind is acute. (Int +2) [potion of
                  | mutation]
 29140 | Lair:4   | Gained mutation: You expend magic power (3 MP) to
                  | strengthen your wands. [potion of mutation]
 30452 | Lair:5   | Lost mutation: You expend magic power (3 MP) to strengthen
                  | your wands. [potion of mutation]
 30452 | Lair:5   | Lost mutation: Your mind is acute. (Int +2) [potion of
                  | mutation]
 30452 | Lair:5   | Gained mutation: Your spells are a little harder to cast,
                  | but a little more powerful. [potion of mutation]
 30452 | Lair:5   | Gained mutation: Your magical capacity is low. (-10% MP)
                  | [potion of mutation]
 30452 | Lair:5   | Gained mutation: Your flesh is heat resistant. (rF+)
                  | [potion of mutation]
 30903 | Lair:5   | Reached skill level 11 in Hexes
 31099 | Lair:6   | Entered Level 6 of the Lair of Beasts
 31981 | Lair:6   | Reached skill level 12 in Hexes
 32454 | Lair:6   | HP: 2/64 [catoblepas (34)]
 32456 | Lair:6   | Reached skill level 13 in Hexes
 33957 | Lair:6   | Reached skill level 14 in Hexes
 34257 | Lair:6   | Learned a level 1 spell: Summon Butterflies
 34267 | Lair:6   | Learned a level 4 spell: Cause Fear
 34501 | D:13     | Found Feaxeigh's Jewellery Shoppe.
 34522 | D:13     | Noticed Azrael
 34534 | D:13     | Killed from afar by a hell hound
 34535 | D:13     | Reached XP level 13. HP: -2/60 MP: 9/20
 34837 | D:13     | Killed Azrael
 34876 | D:13     | Reached skill level 15 in Hexes
 34911 | D:13     | Reached XP level 14. HP: 44/64 MP: 0/21
 35620 | D:13     | Reached skill level 16 in Hexes
 35799 | D:13     | Paralysed by Rupert for 3 turns
 35805 | D:13     | Paralysed by Rupert for 6 turns
 36151 | D:14     | Lost mutation: Your magical capacity is low. (-10% MP)
                  | [potion of mutation]
 36151 | D:14     | Lost mutation: Your flesh is heat resistant. (rF+) [potion
                  | of mutation]
 36151 | D:14     | Lost mutation: Your spells are a little harder to cast, but
                  | a little more powerful. [potion of mutation]
 36151 | D:14     | Lost mutation: You have a pair of small antennae on your
                  | head. [potion of mutation]
 36151 | D:14     | Gained mutation: Your flesh is cold resistant. (rC+)
                  | [potion of mutation]
 36151 | D:14     | Gained mutation: You are robust. (+10% HP) [potion of
                  | mutation]
 37021 | Lair:5   | Found a staircase to the Slime Pits.
 37529 | Orc:1    | Killed Erolcha
 37668 | Orc:1    | Found a roughly hewn altar of Beogh.
 37887 | Orc:2    | Entered Level 2 of the Orcish Mines
 37979 | Orc:2    | Reached skill level 17 in Hexes
 38565 | Orc:2    | Found Corug's Antique Weapon Boutique.
 38575 | Orc:2    | Found Dimnifeeny's Weapon Shop.
 38847 | Orc:2    | Found a roughly hewn altar of Beogh.
 39285 | Orc:2    | Found a staircase to the Elven Halls.
 39664 | Orc:2    | Found Roaniesy's Gadget Emporium.
 39802 | Orc:2    | Found Mogoe's Gadget Shop.
 39870 | Orc:2    | Found a roughly hewn altar of Beogh.
 39870 | Orc:2    | Noticed an orc warlord
 39879 | Orc:2    | Killed an orc warlord
 40829 | D:15     | Found a shattered altar of Ashenzari.
 40849 | D:15     | Reached skill level 15 in Dodging
 40944 | D:15     | Found a staircase to the Depths.
 41106 | D:15     | Reached XP level 15. HP: 69/73 MP: 12/24
 42069 | Swamp:1  | Entered Level 1 of the Swamp
 42120 | Swamp:1  | Lost mutation: Your flesh is cold resistant. (rC+) [potion
                  | of mutation]
 42120 | Swamp:1  | Lost mutation: You are robust. (+10% HP) [potion of
                  | mutation]
 42120 | Swamp:1  | Gained mutation: You are partially covered in iridescent
                  | scales. (AC +2) [potion of mutation]
 42120 | Swamp:1  | Gained mutation: You expend magic power (3 MP) to
                  | strengthen your wands. [potion of mutation]
 43042 | Swamp:1  | Got a faintly glowing brass amulet
 43043 | Swamp:1  | Identified the amulet "Udeck" {Harm *Drain rF+ MP+9 Int+7}
                  | (You found it on level 1 of the Swamp)
 45354 | Swamp:2  | Found a runed door.
 45355 | Swamp:2  | Noticed Xywau's ghost (adept FoFi)
 45463 | Swamp:3  | Noticed Roxanne
 45478 | Swamp:3  | Noticed Nikola
 45489 | Swamp:3  | HP: 1/67 [Nikola/chain lightning (18)]
 45489 | Swamp:3  | Killed from afar by Nikola
 45490 | Swamp:3  | Reached XP level 14. HP: -28/64 MP: 22/25
 45493 | Swamp:4  | Entered Level 4 of the Swamp
 45537 | Swamp:3  | Noticed a brown very ugly thing
 45564 | Swamp:3  | Killed a brown very ugly thing
 45592 | Swamp:3  | Noticed a tentacled monstrosity
 45611 | Swamp:3  | Slain by a swamp worm
 45612 | Swamp:3  | Reached XP level 13. HP: -5/60 MP: 14/24
 45825 | Snake:1  | Entered Level 1 of the Snake Pit
 45826 | Snake:1  | Found a runed door.
 46578 | Snake:1  | Noticed Veumoedo's ghost (journeyman DgGl)
 47275 | Snake:1  | Reached XP level 14. HP: 25/64 MP: 4/25
 48449 | Snake:1  | Reached skill level 10 in Fighting
 49321 | Snake:2  | Found a runed door.
 49321 | Snake:2  | Noticed Utaireq's ghost (journeyman DsFi)
 49342 | Snake:2  | Reached skill level 18 in Hexes
 49676 | Snake:2  | You fall through a shaft!
 51322 | Snake:2  | Reached skill level 1 in Summonings
 51767 | Snake:3  | Noticed a nagaraja
 51790 | Snake:3  | Slain by a nagaraja

Vault maps used:
D:1:      roderic_chinese_lattice_arrival, minivault_25, minmay_hexomino_p4
D:2:      lemuel_crystal_altar, cheibriados_altar_1, chequers_jeans,
          uniq_terence, uniq_robin, uniq_sigmund
D:3:      uniq_crazy_yiuf_cottage
D:4:      tso_oasis_becter, first_ration, minmay_strange_pillars
D:5:      old_standard_altar, makhleb_blood_cavern_becter, uniq_duvessa,
          uniq_menkaure, uniq_eustachio
D:6:      gammafunk_temple_overflow_claw, minmay_three_doors
D:7:      minmay_temple_entry_tees
D:8:      old_standard_altar, kennysheep_mini_moat,
          nicolae_ru_great_annihilating_truth, serial_shops, shop,
          grunt_ogre_cave
D:9:      minmay_s_stair_smasher, overflow_temple_1_default,
          grunt_gozag_breadcrumbs
D:10:     uniq_gastronok, uniq_maurice
D:11:     erik_lair_island
D:12:     zombieorc1_lemuel, serial_shops, kennysheep_little_box
D:13:     cheibrodos_ideogram_h, portal_ice_cave_entry_imps, serial_shops, shop,
          uniq_rupert, uniq_azrael
D:14:     david_vaults_2
D:15:     hangedman_depths_entry_civil_slaughter, nicolae_lava_and_water,
          serial_ice, serial_ice_d, serial_ice_j, serial_ice_h, serial_ice_g,
          serial_ice_a, serial_ice_m, serial_ice_c, serial_ice_f, serial_ice_n,
          serial_ice_b, basic_altar, grunt_ministairs_13,
          minmay_tree_intersection, fedhas_altar_fruit_tree
Temple:   compressed_dpeg_circular_temple
Lair:1:   pond
Lair:2:   nicolae_swamp_entry_splash_gauntlet, lemuel_oklob_altar,
          lemuel_fruit_tree, uniq_fannar
Lair:3:   guppyfry_snake_entry_garden, beast_lair_carwin_10,
          minmay_lair_oklob_chamber
Lair:4:   uniq_nergalle
Lair:5:   minmay_slime_entry_oklob_enclosed
Lair:6:   grunt_lair_end_beastmaster, grunt_megastairs_3, lemuel_fruit_fields
Swamp:1:  evilmike_swamp_ruin_house_5, nicolae_swamp_hydra_murder_den
Swamp:2:  ebering_ghost_inner_flame, hangedman_swamp_pad
Swamp:3:  evilmike_swamp_ruin_house_1, uniq_nikola, uniq_roxanne
Swamp:4:  swamp, uniq_louise
Snake:1:  ebering_ghost_inner_flame, minmay_snake_pond, grunt_megastairs_4
Snake:2:  gammafunk_ghost_grave, statue_in_the_mist_lemuel, spider_trap,
          st_stairs_8, nrook_guardian_serpent_ordinary
Snake:3:  special_room, basic_altar
Orc:1:    basic_altar, uniq_erolcha
Orc:2:    pubby_orc_utopia
IceCv:    ice_cave_small_giant

Skill      XL: |  1  2  3  4  5  6  7  8  9 10 11 12 13 14 15 |
---------------+----------------------------------------------+-----
Unarmed Combat | 2 3 4 5 6 9 |  9.6
Ice Magic      | 3 4 5 6 |  6.1
Hexes          | 6 8 9 10 15 18 | 18.3
Fighting       | 5 10 | 10.0
Dodging        | 3 12 15 | 15.9
Stealth        | 7 16 | 16.2
Conjurations   | 6 |  6.2
Invocations    | 9 11 14 13 | 14.0
Spellcasting   | 4 |  4.0
Summonings     | 2 |  2.4

Action                   |  1- 3 |  4- 6 |  7- 9 | 10-12 | 13-15 || total
-------------------------+-------+-------+-------+-------+-------++-------
Melee: Unarmed           |    73 |    84 |   311 |   625 |  1091 ||  2184
       Bite              |     4 |       |    22 |    53 |    69 ||   148
       Punch             |     1 |     2 |     5 |    24 |    35 ||    67
 Cast: Corona            |     2 |     2 |       |       |     2 ||     6
       Ensorcelled Hiber |    36 |    44 |   105 |   165 |   495 ||   845
       Dazzling Spray    |       |     3 |    19 |    60 |   195 ||   277
       Confuse           |       |       |     7 |    22 |    64 ||    93
       Confusing Touch   |       |       |     2 |    20 |    16 ||    38
       Conjure Flame     |       |       |       |     4 |     8 ||    12
       Cause Fear        |       |       |       |       |    12 ||    12
       Summon Butterflie |       |       |       |       |     1 ||     1
Invok: Line Pass         |       |       |       |     1 |     2 ||     3
       Grand Finale      |       |       |       |     1 |       ||     1
Evoke: Wand              |       |       |       |       |    30 ||    30
  Use: Scroll            |       |       |     9 |     9 |    22 ||    40
       Potion            |       |       |     2 |     1 |    17 ||    20
 Stab: Sleeping          |    22 |    30 |    74 |    94 |   314 ||   534
       Confused          |       |       |    10 |    25 |    43 ||    78
       Invisible         |       |       |     2 |     7 |    30 ||    39
       Paralysed         |       |       |     2 |    34 |   126 ||   162
       Distracted        |       |       |       |     1 |     1 ||     2
       Petrified         |       |       |       |       |     1 ||     1
  Eat: Chunk             |     5 |    15 |    20 |    59 |    85 ||   184
       Ration            |       |       |       |       |    13 ||    13
Armor: Skin              |     2 |     3 |    12 |    20 |    50 ||    87
Dodge: Dodged            |    51 |    70 |   269 |   671 |  1388 ||  2449

Table legend:
 A = Non-vault XP
 B = Vault XP
 C = Vault XP percentage of total XP
 D = Non-vault monster count
 E = Vault monster count
 F = Vault count percentage of total count
                 A         B        C        D         E       F
            +---------+---------+-------+---------+---------+-------
      Total |  130637 |   77807 |  37.3 |     648 |     393 |  37.8
            +---------+---------+-------+---------+---------+-------
        D:1 |      32 |       9 |  22.0 |      17 |       4 |  19.0
        D:2 |     103 |      59 |  36.4 |      19 |       6 |  24.0
        D:3 |      31 |      39 |  55.7 |       9 |       1 |  10.0
        D:4 |     830 |       0 |   0.0 |      28 |       0 |   0.0
        D:5 |     280 |     638 |  69.5 |      11 |       5 |  31.2
        D:6 |     854 |      48 |   5.3 |      21 |       3 |  12.5
        D:7 |     858 |       0 |   0.0 |      32 |       0 |   0.0
        D:8 |    2837 |     217 |   7.1 |      31 |       6 |  16.2
        D:9 |    1430 |    1941 |  57.6 |      18 |      18 |  50.0
       D:10 |    4370 |     493 |  10.1 |      41 |       1 |   2.4
       D:11 |    4246 |     607 |  12.5 |      16 |       5 |  23.8
       D:12 |    8709 |     870 |   9.1 |      43 |      30 |  41.1
       D:13 |    3101 |   11093 |  78.2 |      18 |      40 |  69.0
       D:14 |    8651 |     724 |   7.7 |      34 |       4 |  10.5
       D:15 |    6545 |    6225 |  48.7 |      20 |      19 |  48.7
     Lair:1 |    3522 |     594 |  14.4 |      18 |       6 |  25.0
     Lair:2 |    5016 |    2843 |  36.2 |      17 |       8 |  32.0
     Lair:3 |    3801 |    2177 |  36.4 |      17 |      12 |  41.4
     Lair:4 |   10248 |     820 |   7.4 |      45 |       1 |   2.2
     Lair:5 |    5050 |     857 |  14.5 |      18 |       1 |   5.3
     Lair:6 |    2783 |   10029 |  78.3 |      11 |      24 |  68.6
    Swamp:1 |    8780 |     940 |   9.7 |      24 |       1 |   4.0
    Swamp:2 |    9715 |       0 |   0.0 |      26 |       0 |   0.0
    Swamp:3 |    1964 |       0 |   0.0 |       3 |       0 |   0.0
    Snake:1 |   17216 |    4681 |  21.4 |      41 |      14 |  25.5
    Snake:2 |   14951 |    1610 |   9.7 |      30 |       3 |   9.1
    Snake:3 |    2633 |       0 |   0.0 |       4 |       0 |   0.0
      Orc:1 |    2081 |    1019 |  32.9 |      36 |       1 |   2.7
      Orc:2 |       0 |   20168 | 100.0 |       0 |     145 | 100.0
      IceCv |       0 |    9106 | 100.0 |       0 |      35 | 100.0
            +---------+---------+-------+---------+---------+-------
